[Event "GER-ch Youth U10W 2020"]
[Site "Willingen"]
[Date "2020.10.28"]
[Round "2.4"]
[White "Meier, Viktoria"]
[Black "Manakov, Luisa"]
[Result "1-0"]
[ECO "D00"]
[WhiteElo "1316"]
[BlackElo "1103"]
[Annotator "NA RC"]
[PlyCount "61"]
[EventDate "2020.10.27"]
[EventType "swiss"]
[EventRounds "7"]
[EventCountry "GER"]
[SourceTitle "playchess.com"]
[Source "ChessBase"]
[SourceQuality "1"]
[TimeControl "40/4500+30:900+30"]

1. d4 d5 2. Bf4 Nf6 3. e3 Bf5 4. c3 e6 5. Bd3 Bxd3 6. Qxd3 Bd6 7. Bg3 O-O 8. Nd2 Nc6 9. Ngf3 Re8 10. Ne5 Nxe5 11. dxe5 Ne4 12. exd6 Nxg3 13. hxg3 h6 14. dxc7 Qxc7 15. O-O-O Rad8 16. g4 e5 17. g3 e4 18. Qd4 Qa5 19. Kb1 Rd6 20. f3 Rb6 21. fxe4 Qa3 22. Qxb6 Qa4 23. Qxb7 Re6 24. g5 Ra6 25. Qc8+ Kh7 26. g6+ fxg6 27. a3 Rb6 28. c4 Qxa3 29. Rxh6+ Kxh6 30. Qh3+ Kg5 31. Qh4# 1-0

[Event "GER-ch Youth U10W 2020"]
[Site "Willingen"]
[Date "2020.10.28"]
[Round "2.5"]
[White "Huber, Laura"]
[Black "Strübel, Katharina"]
[Result "1-0"]
[ECO "C50"]
[WhiteElo "1249"]
[BlackElo "1091"]
[Annotator "NA RC"]
[PlyCount "93"]
[EventDate "2020.10.27"]
[EventType "swiss"]
[EventRounds "7"]
[EventCountry "GER"]
[SourceTitle "playchess.com"]
[Source "ChessBase"]
[SourceQuality "1"]
[TimeControl "40/4500+30:900+30"]

1. e4 e5 2. Nf3 Nc6 3. Bc4 Bc5 4. d3 d6 5. h3 h6 6. O-O g5 7. g4 f6 8. Be3 Bb6 9. Nc3 h5 10. Nh2 Nge7 11. Qf3 Ng6 12. Bxg5 Rf8 13. Bh6 Rh8 14. Bg7 Rh7 15. Bxf6 Qd7 16. Qf5 Qxf5 17. gxf5 Rh6 18. Bg5 Rh7 19. fxg6 Rg7 20. Bf7+ Kd7 21. Bh6 Rxg6+ 22. Bxg6 Ke7 23. Nd5+ Kd7 24. Bf5+ Ke8 25. Nxb6 axb6 26. Bxc8 Rxc8 27. c3 Kd7 28. Kh1 Rg8 29. Rg1 Rh8 30. Rg7+ Ke8 31. Be3 Ne7 32. Rag1 Kf8 33. d4 exd4 34. Bxd4 c5 35. Rxe7 cxd4 36. Rxb7 dxc3 37. Rb8+ Kf7 38. Rxh8 cxb2 39. Rb1 Kg7 40. Rxh5 Kg6 41. Rf5 Kg7 42. Rxb2 Kh7 43. Rg5 Kh6 44. Rg4 Kh5 45. Rxb6 Kh6 46. Rb7 Kh5 47. Rh7# 1-0

[Event "GER-ch Youth U10W 2020"]
[Site "Willingen"]
[Date "2020.10.28"]
[Round "2.6"]
[White "Hoffmann, Svenja"]
[Black "Woiteck, Sophia"]
[Result "0-1"]
[ECO "B56"]
[WhiteElo "1219"]
[BlackElo "1065"]
[Annotator "NA RC"]
[PlyCount "64"]
[EventDate "2020.10.27"]
[EventType "swiss"]
[EventRounds "7"]
[EventCountry "GER"]
[SourceTitle "playchess.com"]
[Source "ChessBase"]
[SourceQuality "1"]
[TimeControl "40/4500+30:900+30"]

1. e4 c5 2. Nf3 d6 3. d4 cxd4 4. Nxd4 Nf6 5. Nc3 e5 6. Nf3 Be6 7. Bb5+ Nbd7 8. Bg5 Be7 9. Qd2 a6 10. Bxd7+ Qxd7 11. Nd5 Nxe4 12. Qd3 Bxd5 13. Bxe7 Qxe7 14. Qxd5 Nf6 15. Qb3 h6 16. O-O O-O 17. Rfe1 Rac8 18. Nh4 Nh5 19. Nf5 Qf6 20. Qd3 Nf4 21. Qe4 b5 22. Rad1 Rc4 23. Nxh6+ Qxh6 24. Qe3 Rxc2 25. Qb6 Qg5 26. g3 Nh3+ 27. Kg2 Rxf2+ 28. Kh1 Qf5 29. Qb7 Qc2 30. Rd2 Qxd2 31. Re2 Qd1+ 32. Re1 Qxe1# 0-1

[Event "GER-ch Youth U10W 2020"]
[Site "Willingen"]
[Date "2020.10.28"]
[Round "2.7"]
[White "Kutz, Ida Klara"]
[Black "Will, Elina"]
[Result "0-1"]
[ECO "D30"]
[WhiteElo "997"]
[BlackElo "1149"]
[Annotator "NA RC"]
[PlyCount "92"]
[EventDate "2020.10.27"]
[EventType "swiss"]
[EventRounds "7"]
[EventCountry "GER"]
[SourceTitle "playchess.com"]
[Source "ChessBase"]
[SourceQuality "1"]
[TimeControl "40/4500+30:900+30"]

1. d4 d5 2. c4 e6 3. e3 Nf6 4. Nc3 c6 5. b3 Nbd7 6. Nf3 Ne4 7. Qd3 Ndf6 8. Be2 Be7 9. O-O O-O 10. Bb2 c5 11. Ba3 b6 12. Ne5 Bb7 13. Ng4 dxc4 14. Nxf6+ Bxf6 15. bxc4 Nxc3 16. Qxc3 cxd4 17. exd4 Bxd4 18. Qd3 Bxa1 19. Bxf8 Qxd3 20. Bxd3 Kxf8 21. Rxa1 Ke7 22. Rb1 Kd6 23. a4 Kc5 24. a5 h6 25. h3 Ba6 26. axb6 axb6 27. Ra1 Bb7 28. Rxa8 Bxa8 29. Kf1 Bb7 30. g3 Ba6 31. Ke1 Bxc4 32. Kd2 Bxd3 33. Kxd3 Kb4 34. Kc2 Ka3 35. Kb1 Kb3 36. h4 e5 37. f3 f5 38. h5 b5 39. Ka1 Kc2 40. Ka2 b4 41. g4 b3+ 42. Ka3 b2 43. gxf5 b1=Q 44. Ka4 Qb6 45. f4 Kc3 46. fxe5 Qb4# 0-1

[Event "GER-ch Youth U10W 2020"]
[Site "Willingen"]
[Date "2020.10.28"]
[Round "2.8"]
[White "John, Linnea"]
[Black "Yan, Jenny"]
[Result "1/2-1/2"]
[ECO "C44"]
[WhiteElo "1146"]
[BlackElo "952"]
[Annotator "NA RC"]
[PlyCount "79"]
[EventDate "2020.10.27"]
[EventType "swiss"]
[EventRounds "7"]
[EventCountry "GER"]
[SourceTitle "playchess.com"]
[Source "ChessBase"]
[SourceQuality "1"]
[TimeControl "40/4500+30:900+30"]

1. e4 e5 2. Nf3 Nc6 3. d4 exd4 4. Nxd4 Nf6 5. Nxc6 bxc6 6. Bd3 d5 7. exd5 cxd5 8. O-O Bc5 9. Re1+ Be6 10. Bb5+ Nd7 11. Qxd5 O-O 12. Qf3 Rb8 13. Nc3 Bd4 14. Bxd7 Qxd7 15. Rd1 c5 16. Ne2 Bg4 17. Qd3 Rbd8 18. Bg5 f6 19. Bf4 Rfe8 20. c3 Bxf2+ 21. Kxf2 Qxd3 22. Rxd3 Rxd3 23. Ng3 g5 24. Bb8 Rd2+ 25. Kf1 Rxb8 26. Ne4 Rbxb2 27. Nxd2 Rxd2 28. a3 Bf5 29. Rc1 Bd3+ 30. Kg1 Re2 31. Rd1 Be4 32. g3 Rg2+ 33. Kf1 Rxh2 34. Rd7 Bg2+ 35. Kg1 Rh1+ 36. Kxg2 Rc1 37. Rxa7 Rxc3 38. a4 Rc2+ 39. Kf3 Rc4 40. a5 1/2-1/2

[Event "GER-ch Youth U10W 2020"]
[Site "Willingen"]
[Date "2020.10.28"]
[Round "2.9"]
[White "Tran, Hanna Emilie Mai Hoa"]
[Black "Schube, Theresa"]
[Result "0-1"]
[ECO "C50"]
[WhiteElo "986"]
[BlackElo "1131"]
[Annotator "NA RC"]
[PlyCount "140"]
[EventDate "2020.10.27"]
[EventType "swiss"]
[EventRounds "7"]
[EventCountry "GER"]
[SourceTitle "playchess.com"]
[Source "ChessBase"]
[SourceQuality "1"]
[TimeControl "40/4500+30:900+30"]

1. e4 e5 2. Nf3 Nc6 3. Bc4 Bc5 4. O-O d6 5. h3 Nf6 6. d3 h6 7. Nc3 O-O 8. Be3 Bb6 9. d4 Nxe4 10. Nxe4 d5 11. Bd3 exd4 12. Bf4 dxe4 13. Bxe4 Re8 14. Re1 f5 15. Bd5+ Kf8 16. Rxe8+ Kxe8 17. Qe1+ Qe7 18. Qxe7+ Kxe7 19. Re1+ Kf8 20. Ne5 Nxe5 21. Rxe5 c6 22. Bc4 Bc7 23. Re2 Bxf4 24. g3 Bc7 25. Kg2 Bd7 26. f3 Re8 27. Rxe8+ Bxe8 28. g4 fxg4 29. hxg4 Bf7 30. Bxf7 Kxf7 31. Kf2 Ke6 32. Ke2 Kd5 33. Kd3 c5 34. b3 b5 35. c4+ bxc4+ 36. bxc4+ Ke5 37. a3 a5 38. a4 Kf4 39. Ke2 Kg3 40. Kd3 Kxf3 41. Kd2 Kxg4 42. Kd3 h5 43. Ke4 h4 44. Kd5 h3 45. Kxc5 h2 46. Kc6 h1=Q+ 47. Kxc7 Qh6 48. c5 g5 49. c6 Qg7+ 50. Kb6 Qf8 51. Kxa5 Qc8 52. Kb6 Qb8+ 53. Kc5 Qc7 54. a5 Qxa5+ 55. Kd6 Qc3 56. c7 Qxc7+ 57. Kxc7 d3 58. Kd6 d2 59. Ke5 d1=Q 60. Ke6 Qa4 61. Ke5 Qf4+ 62. Kd5 Kf3 63. Ke6 Ke4 64. Kd7 Qf6 65. Kc7 Kd5 66. Kb7 Qc6+ 67. Ka7 Kc5 68. Kb8 Qd7 69. Ka8 Kb6 70. Kb8 Qd8# 0-1

[Event "GER-ch Youth U10W 2020"]
[Site "Willingen"]
[Date "2020.10.28"]
[Round "2.12"]
[White "Neininger, Sarah"]
[Black "Peglau, Lorena"]
[Result "1-0"]
[ECO "B10"]
[WhiteElo "1469"]
[BlackElo "1061"]
[Annotator "NA RC"]
[PlyCount "103"]
[EventDate "2020.10.27"]
[EventType "swiss"]
[EventRounds "7"]
[EventCountry "GER"]
[SourceTitle "playchess.com"]
[Source "ChessBase"]
[SourceQuality "1"]
[TimeControl "40/4500+30:900+30"]

1. e4 c6 2. Nf3 d5 3. Nc3 dxe4 4. Nxe4 Bf5 5. Ng3 Bg6 6. h4 h6 7. Ne5 Bh7 8. Qh5 Qd5 9. Bc4 Nf6 10. Bxd5 Nxh5 11. Bxf7+ Kd8 12. Bxh5 Kc7 13. Bg6 Bg8 14. Nf7 Bxf7 15. Bxf7 Na6 16. d4 e6 17. Bf4+ Kb6 18. O-O Rd8 19. Bxe6 Rxd4 20. Be3 Bc5 21. Bxd4 Bxd4 22. c3 Be5 23. Nf5 g6 24. Ne3 g5 25. h5 Nc5 26. Nc4+ Kc7 27. Nxe5 Nxe6 28. Rad1 Kb6 29. Rfe1 Ng7 30. Nc4+ Kc7 31. Re7+ Kc8 32. Rxg7 b5 33. Nd6+ Kb8 34. Nf7 Re8 35. Rd8+ Rxd8 36. Nxd8 Kc8 37. Nf7 Kb7 38. Nxh6+ Kb6 39. Nf5 g4 40. h6 g3 41. Rxg3 Ka5 42. Rg4 b4 43. Rxb4 a6 44. h7 c5 45. Re4 c4 46. h8=Q Ka4 47. Qe8+ Ka5 48. Re5+ Kb6 49. Qb8+ Kc6 50. Qd6+ Kb7 51. Re7+ Kc8 52. Qc7# 1-0

[Event "GER-ch Youth U10W 2020"]
[Site "Willingen"]
[Date "2020.10.28"]
[Round "2.13"]
[White "Mo, Keyou"]
[Black "Halas, Neele Zoe"]
[Result "0-1"]
[ECO "C50"]
[WhiteElo "950"]
[BlackElo "1295"]
[Annotator "NA RC"]
[PlyCount "86"]
[EventDate "2020.10.27"]
[EventType "swiss"]
[EventRounds "7"]
[EventCountry "GER"]
[SourceTitle "playchess.com"]
[Source "ChessBase"]
[SourceQuality "1"]
[TimeControl "40/4500+30:900+30"]

1. e4 e5 2. Nf3 Nc6 3. Bc4 Bc5 4. O-O Nf6 5. d3 d6 6. Bg5 h6 7. Bh4 g5 8. Bg3 Bg4 9. h3 Be6 10. Bb3 Qd7 11. Bxe6 fxe6 12. Nc3 O-O-O 13. Qd2 Nh5 14. Bh2 Nf4 15. Bxf4 exf4 16. d4 Bb6 17. d5 Ne7 18. Nd4 Bxd4 19. Qxd4 e5 20. Qxa7 c6 21. Na4 Qe8 22. Rab1 cxd5 23. Nb6+ Kc7 24. exd5 Qb5 25. c4 Qxb6 26. Qxb6+ Kxb6 27. b3 Nf5 28. a4 Ra8 29. Ra1 Kc5 30. a5 Kb4 31. Rfb1 Rxa5 32. Rxa5 Kxa5 33. b4+ Kb6 34. f3 Rc8 35. g4 Nd4 36. Rc1 Ne2+ 37. Kf2 Nxc1 38. Ke1 Rxc4 39. Kd2 Kb5 40. Kd1 Rc3 41. Kd2 Kc4 42. Ke1 Rc2 43. Kd1 Nd3 0-1

[Event "GER-ch Youth U10W 2020"]
[Site "Willingen"]
[Date "2020.10.28"]
[Round "2.14"]
[White "Becker, Hanna Charlotte"]
[Black "Mehner, Clara"]
[Result "0-1"]
[ECO "D06"]
[WhiteElo "853"]
[BlackElo "1244"]
[Annotator "NA RC"]
[PlyCount "90"]
[EventDate "2020.10.27"]
[EventType "swiss"]
[EventRounds "7"]
[EventCountry "GER"]
[SourceTitle "playchess.com"]
[Source "ChessBase"]
[SourceQuality "1"]
[TimeControl "40/4500+30:900+30"]

1. d4 d5 2. c4 Nf6 3. cxd5 Nxd5 4. e4 Nb6 5. Nf3 e6 6. Bb5+ Bd7 7. Nc3 Bxb5 8. Nxb5 c5 9. Bf4 Nc6 10. Nc7+ Ke7 11. Nxa8 Nxa8 12. Be3 c4 13. Bg5+ f6 14. Bf4 Kf7 15. O-O g5 16. Bg3 h5 17. h3 Ne7 18. e5 Ng6 19. h4 g4 20. Ne1 f5 21. Rc1 f4 22. Bh2 b5 23. a4 a6 24. b3 Qxh4 25. axb5 axb5 26. bxc4 bxc4 27. Rxc4 Be7 28. Qa4 Nb6 29. Qa6 Nxc4 30. Qxc4 g3 31. fxg3 Qg4 32. gxf4 Kg7 33. Nd3 Nh4 34. Rf2 Rg8 35. g3 Qd1+ 36. Rf1 Nf3+ 37. Kg2 Qe2+ 38. Rf2 Ne1+ 39. Kh1 Qe4+ 40. Kg1 Rb8 41. Qc3 Bb4 42. Qa1 Qe3 43. Kh1 Kg6 44. Qb1 Kh6 45. Qd1 Qe4+ 0-1

[Event "GER-ch Youth U10W 2020"]
[Site "Willingen"]
[Date "2020.10.28"]
[Round "2.15"]
[White "Tu, Audrey"]
[Black "Bako, Isabella"]
[Result "0-1"]
[ECO "B50"]
[WhiteElo "754"]
[BlackElo "1153"]
[Annotator "NA RC"]
[PlyCount "102"]
[EventDate "2020.10.27"]
[EventType "swiss"]
[EventRounds "7"]
[EventCountry "GER"]
[SourceTitle "playchess.com"]
[Source "ChessBase"]
[SourceQuality "1"]
[TimeControl "40/4500+30:900+30"]

1. e4 c5 2. Nf3 d6 3. Bc4 e6 4. O-O Nc6 5. d3 Nf6 6. Nc3 g6 7. Bg5 Bg7 8. Re1 Qc7 9. Nb5 Qb8 10. Qd2 O-O 11. Qc3 Nxe4 12. Qb3 Nxg5 13. Nxg5 a6 14. Nc3 d5 15. Bxd5 exd5 16. Qxd5 h6 17. Nf3 Nb4 18. Qb3 Be6 19. Rxe6 fxe6 20. Qxe6+ Kh7 21. Qe7 b6 22. Re1 Re8 23. Qxe8 Qxe8 24. Rxe8 Rxe8 25. h3 Bxc3 26. a3 Nxc2 27. bxc3 Nxa3 28. d4 cxd4 29. cxd4 Rd8 30. g4 Nb5 31. h4 Nxd4 32. Nd2 Ne2+ 33. Kf1 Rxd2 34. Ke1 Rc2 35. Kd1 Nd4 36. f4 b5 37. f5 gxf5 38. gxf5 Rc6 39. Kd2 Nxf5 40. h5 b4 41. Kd3 b3 42. Ke4 b2 43. Kxf5 b1=Q+ 44. Ke5 Qd1 45. Ke4 Re6+ 46. Kf4 Qf1+ 47. Kg3 Re4 48. Kh2 Qf3 49. Kg1 Rg4+ 50. Kh2 Qf2+ 51. Kh3 Qh4# 0-1

[Event "GER-ch Youth U10W 2020"]
[Site "Willingen"]
[Date "2020.10.28"]
[Round "2.16"]
[White "Richter, Johanna"]
[Black "Le, Thi An"]
[Result "1-0"]
[ECO "E61"]
[WhiteElo "1150"]
[BlackElo "976"]
[Annotator "NA RC"]
[PlyCount "83"]
[EventDate "2020.10.27"]
[EventType "swiss"]
[EventRounds "7"]
[EventCountry "GER"]
[SourceTitle "playchess.com"]
[Source "ChessBase"]
[SourceQuality "1"]
[TimeControl "40/4500+30:900+30"]

1. d4 Nf6 2. c4 g6 3. Nc3 Bg7 4. Nf3 O-O 5. g3 d6 6. Bg2 c6 7. O-O a6 8. a4 a5 9. b3 Na6 10. Bd2 Nb4 11. Qc1 Be6 12. Bh6 Qd7 13. Bxg7 Kxg7 14. Ng5 Bf5 15. e4 Bg4 16. f3 Be6 17. Nxe6+ fxe6 18. Rd1 Qc7 19. Ne2 Nh5 20. Qb2 Kg8 21. Rac1 Qb6 22. Kh1 c5 23. Bh3 Rf6 24. d5 exd5 25. exd5 Raf8 26. Rc3 Kf7 27. Bd7 Qc7 28. Be6+ Ke8 29. Re1 Rxf3 30. Rxf3 Rxf3 31. Qh8+ Rf8 32. Qxh7 Nf6 33. Qxg6+ Kd8 34. Nf4 Qb6 35. Bh3 Rg8 36. Qf7 Kc7 37. Rxe7+ Kb8 38. Qxf6 Qd8 39. Qf7 Na6 40. Rxb7+ Ka8 41. Ra7+ Kb8 42. Qb7# 1-0

[Event "GER-ch Youth U10W 2020"]
[Site "Willingen"]
[Date "2020.10.28"]
[Round "2.17"]
[White "Wolf, Anna"]
[Black "Rössling, Laura Marie"]
[Result "1/2-1/2"]
[ECO "C50"]
[WhiteElo "1098"]
[BlackElo "937"]
[Annotator "NA RC"]
[PlyCount "107"]
[EventDate "2020.10.27"]
[EventType "swiss"]
[EventRounds "7"]
[EventCountry "GER"]
[SourceTitle "playchess.com"]
[Source "ChessBase"]
[SourceQuality "1"]
[TimeControl "40/4500+30:900+30"]

1. e4 e5 2. Nf3 Nc6 3. Bc4 Bc5 4. d3 Nf6 5. O-O d6 6. Bg5 h6 7. Be3 Bxe3 8. fxe3 Be6 9. Bb5 Qd7 10. h3 O-O-O 11. c4 a6 12. Bxc6 Qxc6 13. Nc3 Qb6 14. Qe2 Rhe8 15. b3 g5 16. Nh2 Nd7 17. Nd5 Bxd5 18. exd5 f6 19. Ng4 Rf8 20. Nxh6 Rde8 21. Nf5 Nc5 22. Kh1 c6 23. Nxd6+ Kb8 24. Nxe8 Rxe8 25. Rxf6 e4 26. d4 Nd3 27. Rg6 Qd8 28. Kg1 cxd5 29. cxd5 Qxd5 30. Qg4 Rg8 31. Re6 Rc8 32. Qxe4 Qb5 33. Kh2 Nf2 34. Qe5+ Ka8 35. Qxb5 axb5 36. Re5 g4 37. Rxb5 gxh3 38. gxh3 Ne4 39. a4 Rc2+ 40. Kg1 Nd6 41. Rc5 Rxc5 42. dxc5 Ne4 43. b4 Nc3 44. b5 Nd5 45. b6 Nxe3 46. Re1 Kb8 47. Rxe3 Kc8 48. h4 Kd7 49. h5 Kc6 50. h6 Kd5 51. h7 Kxc5 52. h8=Q Kd5 53. Qd8+ Kc4 54. Qd6 1/2-1/2

[Event "GER-ch Youth U10W 2020"]
[Site "Willingen"]
[Date "2020.10.28"]
[Round "2.18"]
[White "Heidtkamp, Anna"]
[Black "Zimmermann, Lilly Marie"]
[Result "0-1"]
[ECO "C50"]
[WhiteElo "1078"]
[BlackElo "851"]
[Annotator "NA RC"]
[PlyCount "46"]
[EventDate "2020.10.27"]
[EventType "swiss"]
[EventRounds "7"]
[EventCountry "GER"]
[SourceTitle "playchess.com"]
[Source "ChessBase"]
[SourceQuality "1"]
[TimeControl "40/4500+30:900+30"]

1. e4 e5 2. Nf3 Nc6 3. Bc4 Nf6 4. Nc3 Bc5 5. O-O d6 6. h3 O-O 7. d3 h6 8. Re1 Nh5 9. Be3 Qf6 10. Bxc5 dxc5 11. Qd2 Qg6 12. Rad1 Bxh3 13. Nh4 Qg4 14. g3 g5 15. Nf5 Qf3 16. Ne3 Nf4 17. gxf4 exf4 18. a3 fxe3 19. fxe3 Ne5 20. Qh2 Ng4 21. Rd2 Nxh2 22. Rxh2 Qg3+ 23. Kh1 Qxe1# 0-1

[Event "GER-ch Youth U10W 2020"]
[Site "Willingen"]
[Date "2020.10.28"]
[Round "2.19"]
[White "Margaryan, Mari"]
[Black "Blaufuß, Lena"]
[Result "0-1"]
[ECO "C54"]
[WhiteElo "690"]
[BlackElo "1073"]
[Annotator "NA RC"]
[PlyCount "46"]
[EventDate "2020.10.27"]
[EventType "swiss"]
[EventRounds "7"]
[EventCountry "GER"]
[SourceTitle "playchess.com"]
[Source "ChessBase"]
[SourceQuality "1"]
[TimeControl "40/4500+30:900+30"]

1. e4 e5 2. Nf3 Nc6 3. Bc4 Bc5 4. c3 Nf6 5. d3 O-O 6. O-O d6 7. Be3 Bg4 8. h3 Bh5 9. g4 Bg6 10. Nbd2 Ne7 11. Nb3 Bb6 12. d4 h5 13. gxh5 Bxh5 14. dxe5 dxe5 15. Nxe5 Bxd1 16. Rfxd1 Qc8 17. Kg2 Nxe4 18. Rh1 Qf5 19. h4 Qxe5 20. Bd4 Qf4 21. Be3 Bxe3 22. fxe3 Qf2+ 23. Kh3 Qg3# 0-1

[Event "GER-ch Youth U10W 2020"]
[Site "Willingen"]
[Date "2020.10.28"]
[Round "2.20"]
[White "Abram, Kristina-Maria"]
[Black "Amrhein, Yana"]
[Result "1-0"]
[ECO "B00"]
[WhiteElo "1038"]
[BlackElo "747"]
[Annotator "NA RC"]
[PlyCount "75"]
[EventDate "2020.10.27"]
[EventType "swiss"]
[EventRounds "7"]
[EventCountry "GER"]
[SourceTitle "playchess.com"]
[Source "ChessBase"]
[SourceQuality "1"]
[TimeControl "40/4500+30:900+30"]

1. e4 d6 2. Bc4 Nf6 3. d3 g6 4. Nf3 Bg7 5. c3 O-O 6. O-O b6 7. Bg5 h6 8. Be3 Bb7 9. Qb3 Nc6 10. Qc2 Na5 11. Bb3 Nxb3 12. axb3 d5 13. e5 Ng4 14. Bf4 Qd7 15. h3 Qf5 16. Qd2 g5 17. Bg3 Bc8 18. hxg4 Qxg4 19. d4 Bf5 20. Nh2 Qh5 21. c4 dxc4 22. bxc4 g4 23. f3 Rad8 24. Rxa7 Rd7 25. Qf4 Qg6 26. Nd2 c5 27. Rxd7 Bxd7 28. dxc5 bxc5 29. fxg4 Rd8 30. Ne4 Bc6 31. Nxc5 Bf8 32. Nb3 Qd3 33. Nc1 Qd7 34. Qxf7+ Kh8 35. e6 Qd4+ 36. Bf2 Bxg2 37. Bxd4+ Bg7 38. Qxg7# 1-0

[Event "GER-ch Youth U10W 2020"]
[Site "Willingen"]
[Date "2020.10.28"]
[Round "3.1"]
[White "Sickmann, Lisa"]
[Black "Huber, Laura"]
[Result "1-0"]
[ECO "C77"]
[WhiteElo "1510"]
[BlackElo "1249"]
[Annotator "NA"]
[PlyCount "81"]
[EventDate "2020.10.27"]
[EventType "swiss"]
[EventRounds "7"]
[EventCountry "GER"]
[SourceTitle "playchess.com"]
[Source "ChessBase"]
[SourceQuality "1"]
[TimeControl "40/4500+30:900+30"]

1. e4 e5 2. Nf3 Nc6 3. Bb5 a6 4. Ba4 Nf6 5. d4 exd4 6. O-O b5 7. Bb3 d6 8. Bd5 Bb7 9. Nxd4 Nxd5 10. exd5 Ne7 11. Re1 g6 12. Bg5 h6 13. Bf6 Rh7 14. Nc6 Bxc6 15. dxc6 Qc8 16. Nc3 Rb8 17. Bxe7 Bxe7 18. Nd5 Qd8 19. Nf6+ Kf8 20. Nxh7+ Kg8 21. Qe2 Kxh7 22. Qxe7 Qxe7 23. Rxe7 Rc8 24. Rxf7+ Kg8 25. Re7 Kh8 26. Rae1 Kg8 27. Re8+ Rxe8 28. Rxe8+ Kf7 29. Rc8 Ke7 30. Rxc7+ Kd8 31. Rd7+ Kc8 32. Kf1 a5 33. Ke2 a4 34. Kd3 g5 35. Kd4 b4 36. Kd5 b3 37. axb3 axb3 38. cxb3 h5 39. Kxd6 g4 40. Rf7 Kb8 41. c7+ 1-0

[Event "GER-ch Youth U10W 2020"]
[Site "Willingen"]
[Date "2020.10.28"]
[Round "3.2"]
[White "Will, Elina"]
[Black "Bauer, Laura Sophie"]
[Result "0-1"]
[ECO "B50"]
[WhiteElo "1149"]
[BlackElo "1287"]
[Annotator "NA"]
[PlyCount "104"]
[EventDate "2020.10.27"]
[EventType "swiss"]
[EventRounds "7"]
[EventCountry "GER"]
[SourceTitle "playchess.com"]
[Source "ChessBase"]
[SourceQuality "1"]
[TimeControl "40/4500+30:900+30"]

1. e4 c5 2. Nf3 d6 3. c3 Nf6 4. h3 Nc6 5. d4 cxd4 6. cxd4 Nxe4 7. d5 Qb6 8. Qe2 Qb4+ 9. Nfd2 Nxd2 10. Bxd2 Qxb2 11. Bc3 Qc1+ 12. Qd1 Qxd1+ 13. Kxd1 Ne5 14. h4 Bf5 15. h5 Rc8 16. Bd4 b6 17. h6 f6 18. hxg7 Bxg7 19. Be2 Be4 20. Nc3 Bg6 21. f4 Nd3 22. g3 e5 23. Kd2 exd4 24. Bxd3 dxc3+ 25. Kc2 Bxd3+ 26. Kxd3 c2 27. Rac1 f5 28. Rxc2 Rxc2 29. Kxc2 Kd7 30. Kb3 h5 31. a4 a5 32. Kc4 Bf6 33. Kb5 h4 34. gxh4 Rxh4 35. Rxh4 Bxh4 36. Kxb6 Bg3 37. Kxa5 Bxf4 38. Kb6 Be3+ 39. Kb5 f4 40. Kc4 Kc7 41. a5 f3 42. Kd3 f2 43. Ke2 Kb7 44. a6+ Kxa6 45. Kf1 Kb5 46. Ke2 Kc4 47. Kf1 Kd3 48. Kg2 Ke2 49. Kg3 f1=Q 50. Kg4 Qf3+ 51. Kh4 Qg2 52. Kh5 Qg5# 0-1

[Event "GER-ch Youth U10W 2020"]
[Site "Willingen"]
[Date "2020.10.28"]
[Round "3.3"]
[White "Czäczine, Paula"]
[Black "Schube, Theresa"]
[Result "1/2-1/2"]
[ECO "C45"]
[WhiteElo "1127"]
[BlackElo "1131"]
[Annotator "NA"]
[PlyCount "97"]
[EventDate "2020.10.27"]
[EventType "swiss"]
[EventRounds "7"]
[EventCountry "GER"]
[SourceTitle "playchess.com"]
[Source "ChessBase"]
[SourceQuality "1"]
[TimeControl "40/4500+30:900+30"]

1. e4 e5 2. Nf3 Nc6 3. d4 exd4 4. Nxd4 Nf6 5. Nxc6 bxc6 6. e5 Qe7 7. Qe2 Nd5 8. c4 Ba6 9. b3 g6 10. f4 Bg7 11. Qf2 Nb6 12. Ba3 Qe6 13. Nc3 d6 14. Be2 O-O 15. O-O Rfd8 16. Bf3 d5 17. cxd5 cxd5 18. Rfd1 Rac8 19. h3 Bf8 20. Bg4 Qc6 21. Bxc8 Bxa3 22. Bxa6 Bc5 23. Rd4 Nd7 24. Nxd5 Qxa6 25. b4 Bxd4 26. Qxd4 Qb7 27. Nf6+ Kf8 28. Nxd7+ Ke7 29. Nc5 Rxd4 30. Nxb7 Rxb4 31. Nc5 Rxf4 32. Re1 Rc4 33. Na6 Rc6 34. Nb4 Rc4 35. Nd5+ Ke6 36. Ne3 Ra4 37. Re2 Re4 38. Kf2 Rxe5 39. Nc4 Rxe2+ 40. Kxe2 Kd5 41. Kd3 f5 42. Na3 c6 43. Nc2 f4 44. Nb4+ Kc5 45. Na6+ Kb6 46. Nb4 Kc5 47. Na6+ Kb6 48. Nb4 Kc5 49. Na6+ 1/2-1/2

[Event "GER-ch Youth U10W 2020"]
[Site "Willingen"]
[Date "2020.10.28"]
[Round "3.4"]
[White "Woiteck, Sophia"]
[Black "Meier, Viktoria"]
[Result "1-0"]
[ECO "B13"]
[WhiteElo "1065"]
[BlackElo "1316"]
[Annotator "NA"]
[PlyCount "69"]
[EventDate "2020.10.27"]
[EventType "swiss"]
[EventRounds "7"]
[EventCountry "GER"]
[SourceTitle "playchess.com"]
[Source "ChessBase"]
[SourceQuality "1"]
[TimeControl "40/4500+30:900+30"]

1. e4 c6 2. d4 d5 3. exd5 cxd5 4. Bd3 Nc6 5. c3 Nf6 6. h3 e6 7. Nf3 Bd6 8. O-O Bd7 9. Re1 Qc7 10. Qe2 O-O-O 11. b4 Kb8 12. Ne5 Bc8 13. Bb5 Bxe5 14. dxe5 Nd7 15. Bf4 h6 16. a4 g5 17. Bg3 d4 18. Qe4 dxc3 19. Nxc3 f5 20. exf6 e5 21. Bxc6 bxc6 22. b5 Bb7 23. bxc6 Bxc6 24. Rab1+ Kc8 25. Qc4 Nb6 26. Qa6+ Bb7 27. Qxa7 Qc6 28. f3 Rh7 29. Qxb6 Qxc3 30. Rbc1 Qxc1 31. Rxc1+ Kd7 32. Qxb7+ Ke8 33. Qxh7 Rd7 34. Rc8+ Rd8 35. Qe7# 1-0

[Event "GER-ch Youth U10W 2020"]
[Site "Willingen"]
[Date "2020.10.28"]
[Round "3.6"]
[White "Yan, Jenny"]
[Black "Neininger, Sarah"]
[Result "0-1"]
[ECO "B34"]
[WhiteElo "952"]
[BlackElo "1469"]
[Annotator "NA"]
[PlyCount "126"]
[EventDate "2020.10.27"]
[EventType "swiss"]
[EventRounds "7"]
[EventCountry "GER"]
[SourceTitle "playchess.com"]
[Source "ChessBase"]
[SourceQuality "1"]
[TimeControl "40/4500+30:900+30"]

1. e4 c5 2. Nf3 Nc6 3. d4 cxd4 4. Nxd4 Nf6 5. Nc3 e5 6. Ndb5 d6 7. Nd5 Nxd5 8. exd5 Nb8 9. a4 Be7 10. Be2 a6 11. Nc3 O-O 12. O-O Nd7 13. Be3 f5 14. Qd3 e4 15. Qd2 Bf6 16. Bf4 Ne5 17. f3 Bd7 18. fxe4 fxe4 19. Nxe4 Bf5 20. Nxf6+ Rxf6 21. Bg5 Qb6+ 22. Qe3 Qxe3+ 23. Bxe3 Bxc2 24. Rxf6 gxf6 25. b4 Bb3 26. a5 Bxd5 27. Rd1 Bc4 28. Bxc4+ Nxc4 29. Bf4 Rd8 30. Rd4 Ne5 31. Kf2 Kf7 32. h3 h5 33. Rd5 Ke6 34. Rd2 d5 35. Ke3 Nc4+ 36. Kd3 Nxd2 37. Bxd2 Ke5 38. Bc3+ d4 39. Be1 f5 40. Bf2 Rg8 41. g3 Kd5 42. h4 Rg4 43. Be1 f4 44. gxf4 Rxf4 45. Bd2 Rxh4 46. Be1 Rh3+ 47. Kd2 d3 48. Bf2 Rh2 49. Kxd3 Rxf2 50. Ke3 Rb2 51. Kd3 Rxb4 52. Kc3 Rh4 53. Kd3 Rh3+ 54. Ke2 Kd4 55. Kf2 Ke4 56. Kg2 Ra3 57. Kf2 Rb3 58. Kg2 Kf4 59. Kh2 Kg4 60. Kg2 Rb2+ 61. Kg1 Kf3 62. Kh1 Kg3 63. Kg1 Rb1# 0-1

[Event "GER-ch Youth U10W 2020"]
[Site "Willingen"]
[Date "2020.10.28"]
[Round "3.7"]
[White "Trunz, Tamila"]
[Black "Abram, Kristina-Maria"]
[Result "1-0"]
[ECO "C70"]
[WhiteElo "1379"]
[BlackElo "1038"]
[Annotator "NA"]
[PlyCount "55"]
[EventDate "2020.10.27"]
[EventType "swiss"]
[EventRounds "7"]
[EventCountry "GER"]
[SourceTitle "playchess.com"]
[Source "ChessBase"]
[SourceQuality "1"]
[TimeControl "40/4500+30:900+30"]

1. e4 e5 2. Nf3 Nc6 3. Bb5 a6 4. Ba4 b5 5. Bb3 Bc5 6. O-O Nf6 7. c3 d6 8. Re1 Bb7 9. d4 exd4 10. cxd4 Bb4 11. Bd2 Qe7 12. e5 dxe5 13. Nxe5 O-O 14. Nxc6 Qd6 15. Nxb4 a5 16. Nd3 Qc6 17. f3 Qb6 18. Be3 Rfe8 19. Nd2 Qc6 20. Ne5 Qd6 21. Bxf7+ Kh8 22. Bxe8 Rxe8 23. Nf7+ Kg8 24. Nxd6 cxd6 25. Rc1 Nd5 26. Qb3 Kh8 27. Bg5 Rxe1+ 28. Rxe1 1-0